AoeStats
← Training program

Black Forest

503284015Analyzed
2v2 RM · 1mo ago on Aug 31, 2026· 21m 0s· 4 players
Game mode
Random Map
Map size
Medium (4 player)
Population
200
Speed
Normal
Resources
Standard
Victory
Conquest
Starting age
Dark Age
Ending age
Imperial Age
RankedLock teamsTeams togetherTeam positionsShared explorationLock speedFull tech treeHidden civsTurbo modeCheats
Victory
Defeat
🇲🇽 Khmer · Mexico
1050
+12
🇨🇿 Cumans · Czechia
860
+21
🇨🇱 Khmer · Chile
968
-17
🇨🇱 Turks · Chile
959
-16
d.eseoeneseca
5:44 Loom
11:43 Feudal Age
12:51 Double-Bit Axe
12:51 Horse Collar
13:35 Gold Mining
16:59 Castle Age
16:03 Stone Mining
18:03 Bow Saw
Training program
0:58 Loom
10:13 Feudal Age
12:09 Double-Bit Axe
17:30 Man-at-Arms
Tu mama es peruana
0:48 Loom
13:28 Feudal Age
16:35 Castle Age
14:34 Double-Bit Axe
15:45 Gold Mining
15:47 Stone Mining
17:37 Bow Saw
19:07 Horse Collar
Panchoo146
0:27 Loom
11:20 Feudal Age
15:12 Double-Bit Axe
18:13 Castle Age
Connection lost

Rejoining the realm…

Still unreachable

The connection could not be restored.

Session expired

The server has moved on; the page needs a fresh start.